 Dungeon Crawl Stone Soup version 0.28-a0-8-g6e044cfa68 (webtiles) character file.

Game seed: 1234485828611938202

49 avis the Chopper (level 3, -1/33 HPs)
             Began as a Hill Orc Monk on July 23, 2021.
             Slain by a worm (6 damage)
             ... on level 1 of the Dungeon.
             The game lasted 00:04:51 (1861 turns).

avis the Chopper (Hill Orc Monk)                    Turns: 1861, Time: 00:04:52

Health: -1/33      AC:  2    Str: 14    XL:     3   Next: 77%
Magic:  3/3        EV: 12    Int: 10    God:
Gold:   73         SH:  0    Dex: 13    Spells: 2/2 levels left

rFire   . . .      SeeInvis .   a - +0 hand axe
rCold   . . .      Faith    .   (no shield)
rNeg    . . .      Spirit   .   b - +0 robe
rPois   .          Reflect  .   (no helmet)
rElec   .          Harm     .   (no cloak)
rCorr   .          Rampage  .   (no gloves)
Will    .....                   (no boots)
Stlth   ++........              (no amulet)
HPRegen 0.11/turn               (no ring)
MPRegen 0.08/turn               (no ring)

@: no status effects
A: no striking features
a: no special abilities


You were on level 1 of the Dungeon.
You visited 1 branch of the dungeon, and saw 2 of its levels.

You collected 73 gold pieces.

Inventory:

Hand Weapons
 a - a +0 hand axe (weapon)
Missiles
 c - 13 sling bullets
Armour
 b - a +0 robe (worn)
Scrolls
 f - a scroll of acquirement {unknown}
Potions
 d - a potion of attraction {unknown}
 e - 3 potions of curing {unknown}
 g - a potion of resistance {unknown}


   Skills:
 - Level 4.0 Fighting
 - Level 5.0 Axes
 - Level 3.0 Dodging
 * Level 1.8 Stealth


You had 2 spell levels left.
You didn't know any spells.
Your spell library was empty.

Dungeon Overview and Level Annotations

Branches:
Dungeon (2/15)

Altars:


Message History

You open the door.
There is an open door here.
You close the door.
You close the door.
You start resting.
A worm is nearby!
You open the door.
There is an open door here.
Press: ? - help, v - describe, . - travel The floor.
There is an open door here.
You start resting.
HP restored.
A worm is nearby!
You hit the worm but do no damage. You hit the worm.
The worm is lightly wounded.
The worm bites you.
You hit the worm but do no damage.
The worm is lightly wounded.
The worm bites you.
You barely miss the worm. You barely miss the worm. The worm bites you!
You hit the worm but do no damage. You hit the worm.
The worm is moderately wounded.
The worm bites you but does no damage.
You hit the worm.
The worm is heavily wounded.
The worm closely misses you.
You completely miss the worm.
The worm is heavily wounded.
You hit the worm.
The worm is severely wounded.
The worm bites you!
* * * LOW HITPOINT WARNING * * *
You hit the worm.
The worm is severely wounded.
The worm bites you.
You die...

#...........##.............
#...........##....#.##..###
#...........'...........#
#...........####.###.##.#
#.†.........####.###..#.###
#########+##...#...##.#w...
####.##.#.#...##....##
#.......#.....##....#
#....@..###....)....#
#....w..##..........#
#.......##........>.#
#......###..........#
#......# #.......#.##
#......# #.##.####.#
#......# #.##.# #.#
######## #....# #.###
###### #....


You could see a worm.

Vanquished Creatures
  A worm (D:1)
  2 dart slugs (D:1)
  4 endoplasms (D:1)
  A giant cockroach (D:1)
  2 goblins (D:1)
  4 hobgoblins
  8 jackals (D:1)
  5 quokkas
  2 ball pythons (D:1)
  3 bats (D:1)
  2 frilled lizards (D:1)
  A rat (D:1)
35 creatures vanquished.

Notes
Turn   | Place    | Note
-------+----------+-------------------------------------------
     0 | D:1      | avis the Hill Orc Monk began the quest for the Orb.
     0 | D:1      | Reached XP level 1. HP: 19/19 MP: 1/1
   251 | D:1      | Reached XP level 2. HP: 26/26 MP: 2/2
   350 | D:1      | Reached skill level 5 in Axes
   730 | D:1      | Reached XP level 3. HP: 25/33 MP: 3/3
  1861 | D:1      | Slain by a worm

Illustrated notes

Levels and vault maps discovered:
D:1:      elethiomel_arrival_maze, layout_basic
D:2:      layout_rooms, basic_altar, uniq_sigmund, uniq_natasha

Skill      XL: |  1  2  3 |
---------------+----------+-----
Axes           | 5 |  5.0
Fighting       | 4 |  4.0
Dodging        | 3 |  3.0
Stealth        | |  1.8

Action                   || total
-------------------------++-------
Melee: Hand axe          ||   124
 Stab: Sleeping          ||     3
Armor: Robe              ||    18
Dodge: Dodged            ||    62

Table legend: (Time is in decaauts)
 A = Elapsed time spent in this place.
 B = Non-inter-level travel time spent in this place.
 C = Inter-level travel time spent in this place.
 D = Time resting spent in this place.
 E = Time spent auto-exploring this place.
 F = Levels seen in this place.
 G = Mean time per level.
                   A        B        C        D        E       F      G
               +--------+--------+--------+--------+--------+-----+--------+
         Total |   1868 |   1856 |     12 |    765 |    809 |   2 |  934.0 |
       Dungeon |   1868 |   1856 |     12 |    765 |    809 |   2 |  934.0 |
               +--------+--------+--------+--------+--------+-----+--------+

Top non-repeatable levels by time:
     D:1: 1842 daAuts
     D:2: 25 daAuts
